 Dungeon Crawl Stone Soup version 0.23-a0-449-g8e4cbf7b70 (webtiles) character file.

989 Multipenetrator the Conjurer (level 8, -3/41 HPs)
             Began as a Tengu Conjurer on Nov 21, 2018.
             Was a Follower of Cheibriados.
             Slain by a killer bee zombie (5 damage)
             ... on level 5 of the Dungeon.
             The game lasted 00:23:13 (4187 turns).

Multipenetrator the Conjurer (Tengu Conjurer)       Turns: 4187, Time: 00:23:13

Health: -3/41      AC:  3    Str: 14    XL:     8   Next: 18%
Magic:  1/19       EV: 13    Int: 20    God:    Cheibriados [*.....]
Gold:   210        SH:  0    Dex: 17    Spells: 14/21 levels left

rFire    . . .     SeeInvis .   (no weapon)
rCold    . . .     Gourm    .   (no shield)
rNeg     . . .     Faith    +   a - +0 robe
rPois    .         Spirit   .   (helmet restricted)
rElec    .         Reflect  .   s - +0 cloak
rCorr    .         Harm     .   (no gloves)
MR       .....                  (boots unavailable)
Stlth    ++........             o - amulet of faith
HPRegen  0.13/turn              f - +4 ring of strength
MPRegen  0.16/turn              (no ring)

@: lethally poisoned (-3 -> -6), very slightly contaminated, very slow
A: beak, talons 3, able to fly 1
a: Fly, Bend Time, Renounce Religion


You were on level 5 of the Dungeon.
You worshipped Cheibriados.
Cheibriados was aware of your devotion.
You were hungry.

You visited 1 branch of the dungeon, and saw 5 of its levels.

You collected 210 gold pieces.

Inventory:

Armour
 a - a +0 robe (worn)
 s - a +0 cloak (worn)
Jewellery
 f - a +4 ring of strength (left hand)
 o - an amulet of faith (around neck)
Scrolls
 d - 4 scrolls of remove curse
 e - 5 scrolls of identify {unknown}
 j - a scroll of immolation {unknown}
 k - 3 scrolls of amnesia
 m - a scroll of magic mapping {unknown}
 p - a scroll of fear {unknown}
 q - 2 scrolls of enchant armour {unknown}
 t - a scroll of random uselessness {unknown}
Potions
 b - 2 potions of lignification {unknown}
 g - a potion of haste {unknown}
 h - a potion of mutation {unknown}
 i - a potion of heal wounds
 l - a potion of degeneration {unknown}
 r - a potion of curing
 u - 2 potions of cancellation {unknown}
Comestibles
 c - 10 rations


   Skills:
 + Level 4.0 Armour
 - Level 2.1 Dodging
 - Level 2.0 Stealth
 * Level 7.0 Spellcasting
 + Level 7.3 Conjurations


You had 14 spell levels left.
You knew the following spells:

 Your Spells              Type           Power        Failure   Level  Hunger
a - Magic Dart            Conj           ####         1%          1    None
b - Searing Ray           Conj           #####.       1%          2    None
c - Iskenderun's Mystic   Conj           #####...     4%          4    ###....

Your spell library contained the following spells:

 Spells                   Type           Power        Failure   Level  Hunger
 Dazzling Spray           Conj/Hex       ###...       6%          3    #......
 Force Lance              Conj/Tloc      ###.....     21%         4    ###....
 Fulminant Prism          Conj/Hex       ###.......   21%         4    ###....


Dungeon Overview and Level Annotations

Branches:
Dungeon (5/15)             Temple (0/1) D:5

Altars:
Cheibriados
Qazlal
Uskayaw
The Shining One


Innate Abilities, Weirdness & Mutations

You have a beak for a mouth.
You have claws for feet.
You can fly.


Message History

* * * LOW MAGIC WARNING * * *
The killer bee zombie barely misses you.
The searing ray misses the killer bee zombie.
The searing ray hits the orc.
You kill the orc!
Cheibriados appreciates the change of pace.
* * * LOW MAGIC WARNING * * *
You feel sick. The killer bee zombie misses you.
The killer bee zombie hits
* * * LOW HITPOINT WARNING * * *
The searing ray hits the killer bee zombie.
The killer bee zombie is severely damaged.
* * * LOW MAGIC WARNING * * *
The killer bee zombie hits you.
* * * LOW HITPOINT WARNING * * *
The killer bee zombie closely misses you.
Without enough magic to sustain it, your searing ray dissipates.
You feel sick. The killer bee zombie hits you.
* * * LOW HITPOINT WARNING * * *
The killer bee zombie hits you.
You die...

### #.. ###### #..
#....# ####.. . #....#
#..... ... #....# #.|...
##...##....########.....
.....)ZQ...'......'.....
...#.##....########.....
####### ###### ....
..... # ......########
......'Y......
......######## $.... #


You could see a killer bee zombie.

Vanquished Creatures
  Pikel (D:4)
  A slave (D:4)
  A phantom (D:5)
  A water moccasin skeleton (D:5)
  An orc priest (D:5)
  A jelly (D:5)
  2 orc wizards
  Crazy Yiuf (D:4)
  2 iguanas
  A worker ant zombie (D:5)
  10 adders
  3 gnolls (D:2)
  An ooze (D:1)
  An adder skeleton (D:4)
  2 worms (D:2)
  3 leopard geckos (D:2)
  9 orcs
  10 bats
  6 giant cockroaches
  6 goblins
  5 hobgoblins
  3 kobolds (D:2)
  3 frilled lizards
  5 rats
79 creatures vanquished.

Vanquished Creatures (others)
  3 orcs (D:4)
  A ball python (D:4)
  A giant cockroach (D:4)
  2 jackals (D:4)
  A quokka (D:4)
8 creatures vanquished.

Grand Total: 87 creatures vanquished

Notes
Turn   | Place    | Note
-------+----------+-------------------------------------------
     0 | D:1      | Multipenetrator the Tengu Conjurer began the quest for the
                  | Orb.
     0 | D:1      | Reached XP level 1. HP: 10/10 MP: 4/4
   199 | D:1      | Reached XP level 2. HP: 13/15 MP: 0/6
   868 | D:2      | Reached XP level 3. HP: 19/19 MP: 3/8
  1265 | D:2      | Reached XP level 4. HP: 23/24 MP: 4/10
  1306 | D:2      | Learned a level 2 spell: Searing Ray
  1840 | D:2      | Gained mutation: You can fly. [Tengu growth]
  1840 | D:2      | Reached XP level 5. HP: 28/28 MP: 9/12
  2626 | D:3      | Found a snail-covered altar of Cheibriados.
  2778 | D:3      | Became a worshipper of Cheibriados the Contemplative
  2884 | D:4      | Noticed Pikel
  2884 | D:4      | Noticed a slave
  2884 | D:4      | Noticed a slave
  2884 | D:4      | Noticed a slave
  2884 | D:4      | Noticed a slave
  2893 | D:4      | Killed Pikel
  2893 | D:4      | Reached XP level 6. HP: 26/32 MP: 3/16
  2893 | D:4      | Reached XP level 7. HP: 30/36 MP: 3/17
  3269 | D:4      | Found a runed door.
  3273 | D:4      | Noticed Crazy Yiuf
  3277 | D:4      | Killed Crazy Yiuf
  3360 | D:4      | Found a glowing golden altar of the Shining One.
  3503 | D:5      | Entered Level 5 of the Dungeon
  3503 | D:5      | Found a staircase to the Ecumenical Temple.
  3626 | D:5      | Learned a level 4 spell: Iskenderun's Mystic Blast
  3789 | D:5      | Reached XP level 8. HP: 17/41 MP: 1/19
  3986 | D:5      | Found a hide-covered altar of Uskayaw.
  4005 | D:5      | Found a stormy altar of Qazlal.
  4173 | D:5      | Reached * piety under Cheibriados
  4187 | D:5      | HP: 2/41 [killer bee zombie (5)]
  4187 | D:5      | Slain by a killer bee zombie

Vault maps used:
D:1:      minmay_arrival_up_and_down
D:2:      first_ration, minivault_11
D:3:      nicolae_overflow_hidden_temple
D:4:      overflow_temple_1_default, uniq_crazy_yiuf_cottage, uniq_pikel
D:5:      old_standard_altar, kennysheep_mini, temple_fountains,
          corexii_leaking_fountain, minmay_ogre_servants

Skill      XL: |  1  2  3  4  5  6  7  8 |
---------------+-------------------------+-----
Spellcasting   | 3 4 6 7 |  7.0
Armour         | 3 4 |  4.0
Conjurations   | 6 7 |  7.3
Dodging        | |  2.1
Stealth        | |  2.0

Action                   |  1- 3 |  4- 6 |  7- 9 || total
-------------------------+-------+-------+-------++-------
Melee: Unarmed           |     1 |     1 |       ||     2
       Kick              |       |     1 |       ||     1
 Cast: Magic Dart        |    69 |    56 |    64 ||   189
       Searing Ray       |       |     7 |    10 ||    17
       Iskenderun's Myst |       |       |     2 ||     2
  Use: Scroll            |       |     1 |     2 ||     3
       Potion            |       |       |     2 ||     2
 Stab: Distracted        |       |     1 |       ||     1
  Eat: Chunk             |     1 |     5 |     4 ||    10
Armor: Robe              |     2 |     2 |    12 ||    16
Dodge: Dodged            |     8 |    18 |    39 ||    65

Table legend:
 A = Non-vault XP
 B = Vault XP
 C = Vault XP percentage of total XP
 D = Non-vault monster count
 E = Vault monster count
 F = Vault count percentage of total count
                 A         B        C        D         E       F
            +---------+---------+-------+---------+---------+-------
      Total |     756 |     657 |  46.5 |      76 |       2 |   2.6
            +---------+---------+-------+---------+---------+-------
        D:1 |      26 |       0 |   0.0 |      13 |       0 |   0.0
        D:2 |     148 |       0 |   0.0 |      30 |       0 |   0.0
        D:3 |      13 |       0 |   0.0 |       8 |       0 |   0.0
        D:4 |     142 |     657 |  82.2 |      12 |       2 |  14.3
        D:5 |     427 |       0 |   0.0 |      13 |       0 |   0.0
            +---------+---------+-------+---------+---------+-------
